 Dungeon Crawl Stone Soup version 0.21.1-1-g345015f (webtiles) character file.

528139 robloxmaster the Slayer (level 24, -2/239 HPs)
             Began as a Minotaur Monk on May 27, 2018.
             Was a High Priest of the Shining One.
             Killed from afar by a fire giant (58 damage)
             ... with a bolt of fire
             ... on level 5 of the Vaults on May 30, 2018.
             The game lasted 05:58:54 (66704 turns).

robloxmaster the Slayer (Minotaur Monk)            Turns: 66704, Time: 05:58:55

Health: -2/239     AC: 41    Str: 27    XL:     24   Next: 87%
Magic:  23/31      EV: 10    Int:  9    God:    the Shining One [*****.]
Gold:   2216       SH: 42    Dex: 25    Spells: 23/23 levels left

rFire    . . .     SeeInvis .   L - +1 war axe of the Lair of Beasts {venom, Str+3}
rCold    . . .     Gourm    .   W - +18 shield of the Gong {rElec rN+ MR+ EV-5}
rNeg     + + +     Faith    .   o - +2 crystal plate armour
rPois    +         Spirit   .   Z - +2 hat "Hyngujy" {+Blink Dex+5}
rElec    +         Reflect  +   K - scarf {repulsion}
rCorr    .         Harm     .   T - +0 pair of gloves
MR       ++++.                  V - +2 pair of boots
Stlth    ..........             a - brooch of Shielding {Reflect SH+8}
HPRegen  0.49/turn              X - ring of protection from magic
MPRegen  0.22/turn              C - ring of protection from magic

@: agile, hasted, glowing, repel missiles, very quick
A: retaliatory headbutt, horns 2, thin metallic scales 1, camouflage 1, clever
1, low mp 1, poison resistance, weak 1
}: 2/15 runes: serpentine, barnacled
a: Divine Shield, Cleansing Flame, Summon Divine Warrior, Renounce Religion,
Evoke Blink


You were on level 5 of the Vaults.
You worshipped the Shining One.
The Shining One was extremely pleased with you.
You were not hungry.

You visited 9 branches of the dungeon, and saw 45 of its levels.
You visited the Abyss 4 times.
You visited 1 bazaar.
You also visited: Ossuary, Ice Cave and Wizlab.

You collected 5647 gold pieces.
You spent 3431 gold pieces at shops.

Inventory:

Hand Weapons
 f - a +0 triple crossbow
 J - the +9 mace "Jirydat" {elec, *Rage rPois rF+ Int+5}
   (You found it on level 12 of the Dungeon)

   Occasionally, upon striking a foe, it will discharge some electrical energy
   and cause terrible harm.
   It affects your intelligence (+5).
   It protects you from fire.
   It protects you from poison.
   It may make you go berserk in combat.
 L - the +1 war axe of the Lair of Beasts (weapon) {venom, Str+3}
   (You found it on level 2 of the Abyss)

   It poisons the flesh of those it strikes.
   It affects your strength (+3).
 M - the +12 arbalest "Axeenlowk" {freeze, rN++ SInv}
   (You took it off a yaktaur on level 4 of the Vaults)

   It causes projectiles fired from it to freeze those they strike, causing
   extra injury to most foes and up to half again as much damage against
   particularly susceptible opponents.
   They can also slow down cold-blooded creatures.
   It greatly protects you from negative energy.
   It lets you see invisible.
Missiles
 g - 1039 stones (quivered)
Armour
 o - a +2 crystal plate armour (worn)
 K - a scarf of repulsion (worn)
 T - a +0 pair of gloves (worn)
 V - a +2 pair of boots (worn)
 W - the +18 shield of the Gong (worn) {rElec rN+ MR+ EV-5}
   (You bought it in a shop on level 4 of the Dungeon)

   It affects your evasion (-5).
   It insulates you from electricity.
   It protects you from negative energy.
   It affects your resistance to hostile enchantments.
 Z - the +2 hat "Hyngujy" (worn) {+Blink Dex+5}
   (You acquired it on level 13 of the Dungeon)

   It affects your dexterity (+5).
   It lets you blink.
Jewellery
 a - the brooch of Shielding (around neck) {Reflect SH+8}
   (You took it off a deep elf death mage on level 3 of the Elven Halls)

   [amulet of reflection]

   It shields you and reflects attacks.
   It affects your SH (+8).
 d - an uncursed amulet of the gourmand
 e - the ring of Unoshite {*Drain rElec Str+3 Int+3 Slay+2}
   (You took it off a rakshasa on level 1 of the Vaults)

   [ring of strength]

   It affects your strength (+3).
   It affects your intelligence (+3).
   It affects your accuracy and damage with ranged weapons and melee attacks
   (+2).
   It insulates you from electricity.
   It causes draining when unequipped.
 l - the ring "Upon" {rElec rF++ Dex+3 Stlth+}
   (You bought it in a shop in a bazaar)

   [ring of stealth]

   It affects your dexterity (+3).
   It greatly protects you from fire.
   It insulates you from electricity.
   It makes you more stealthy.
 q - an uncursed ring of ice
 u - the ring "Luepseck" {Fire MP+9 SInv}
   (You found it in an ice cave)

   [ring of fire]

   It enhances your fire magic.
   It protects you from fire.
   It makes you vulnerable to cold.
   It affects your magic capacity (+9).
   It lets you see invisible.
 y - the ring "Gaebroj" {+Fly Str+7 Dex-2}
   (You found it on level 6 of the Lair of Beasts)

   [ring of flight]

   It affects your strength (+7).
   It affects your dexterity (-2).
   It lets you fly.
 C - a ring of protection from magic (right hand)
 I - an uncursed ring of resist corrosion
 R - a +3 ring of slaying
 S - an uncursed ring of protection from cold
 X - a ring of protection from magic (left hand)
 Y - an uncursed ring of protection from cold
Wands
 n - a wand of acid (8)
 p - a wand of polymorph (64)
 z - a wand of paralysis (87)
Scrolls
 b - 16 scrolls of identify
 h - 7 scrolls of teleportation
 i - 13 scrolls of enchant armour
 j - a scroll of holy word
 m - 9 scrolls of fear
 v - 10 scrolls of fog
 B - 7 scrolls of magic mapping
 E - 13 scrolls of remove curse
 G - 11 scrolls of amnesia
 N - 2 scrolls of summoning
 O - a scroll of blinking
 P - 8 scrolls of enchant weapon
Potions
 k - a potion of haste
 r - 6 potions of brilliance
 s - 5 potions of flight
 t - 9 potions of magic
 A - 6 potions of ambrosia
 D - a potion of agility
 H - 6 potions of cancellation
Books
 w - a book of Power

   Spells                             Type                      Level
   a - Iskenderun's Battlesphere      Conjuration/Charms           5
   b - Venom Bolt                     Conjuration/Poison           5
   c - Bolt of Magma                  Conjuration/Fire/Earth       5
   d - Iron Shot                      Conjuration/Earth            6
   e - Orb of Destruction             Conjuration                  7
   f - Spellforged Servitor           Conjuration/Summoning        7
 F - a book of Conjurations

   Spells                             Type                      Level
   a - Magic Dart                     Conjuration                  1
   b - Searing Ray                    Conjuration                  2
   c - Dazzling Spray                 Conjuration/Hexes            3
   d - Fulminant Prism                Conjuration/Hexes            4
   e - Force Lance                    Conjuration/Translocation    4
   f - Iskenderun's Mystic Blast      Conjuration                  4
 Q - the Almanac of Bewitching Moulding
   (You found it in a wizard's laboratory)

   Spells                             Type                      Level
   a - Corona                         Hexes                        1
   b - Ice Form                       Ice/Transmutation            4
   c - Petrify                        Transmutation/Earth          4
   d - Silence                        Hexes/Air                    5
   e - Statue Form                    Transmutation/Earth          6
Comestibles
 c - 23 rations


   Skills:
 * Level 24.4 Fighting
 + Level 23.7 Axes
 + Level 11.4 Crossbows
 * Level 24.2 Armour
 - Level 3.4 Dodging
 - Level 1.6 Stealth
 - Level 17.0 Shields
 + Level 17.9 Invocations
 - Level 3.5 Evocations


You had 23 spell levels left.
You didn't know any spells.

Dungeon Overview and Level Annotations

Branches:
Dungeon (15/15)            Temple (1/1) D:4            Lair (6/6) D:11
 Shoals (4/4) Lair:4        Snake (4/4) Lair:3        Slime (0/5) Lair:5
    Orc (2/2) D:9             Elf (3/3) Orc:2        Vaults (5/5) D:14
  Crypt (0/3) Vaults:2     Depths (5/5) D:15            Zot (0/5) Depths:5

Altars:
Ashenzari
Cheibriados
Dithmenos
Elyvilon
Fedhas
Gozag
Hepliaklqana
Kikubaaqudgha
Makhleb
Nemelex Xobeh
Okawaru
Qazlal
Ru
Sif Muna
Trog
Uskayaw
Vehumet
Wu Jian
Xom
Yredelemnul
Zin
The Shining One
Beogh

Shops:
D:4 [   D:5 ?   D:15 (   Orc:2 !?[*[   Elf:1 [=}=   Elf:2 =   Snake:4 [
Vaults:3 *

Portals:
Hell: Depths:1 Depths:2 Depths:3 Depths:4 Depths:5
Abyss: Depths:2 Depths:4 Depths:5
Pandemonium: Depths:2 Depths:3
Ziggurat: Depths:5
Trove: Vaults:2 (give 15 potions of curing)

Annotations:
D:5 1 runed door
D:10 exclusion: upstairs
Elf:1 exclusion: Roxanne, Roxanne
Depths:4 2 transporters, exclusion: obsidian statue


Innate Abilities, Weirdness & Mutations

You reflexively headbutt those who attack you in melee.
You have a pair of horns on your head.
You are partially covered in thin metallic scales. (AC +2)
Your skin changes colour to match your surroundings (Stealth+).
Your mind is acute. (Int +2)
Your magical capacity is low. (-10% MP)
Your system is resistant to poisons. (rPois)
You are weak. (Str -2)


Message History

You hear a shout! x2; You hear a bark!
You hear a shout!
You hear an angry hiss.
You hear a shout!
You hear a deafening roar!
You hear a shout!
You completely miss the tengu reaver. You headbutt the tengu reaver.
The tengu reaver is heavily wounded.
A tentacled monstrosity comes into view.
A shadow dragon comes into view.
You block the tengu reaver's attack.
GONNNNG!
You block the tengu reaver's attack.
GONNNNG!
The tengu reaver claws you but does no damage.
You hear a shout! x3; You hear a deafening roar!
You hear a shout! x2
Things that are here:
a rapier of flaming; a chain mail A fire giant comes into view.
It is wielding a great sword of flaming.
The fire giant shouts!
There is a stone staircase leading up here.
The fire giant gestures at you while chanting.
The bolt of fire hits you!
You die...

***,,,#....*#.(..#..#,,,,,,,,,,,,
,,,,,*#....,#....#..#*,,,,,,,,,,,
,,,,**...C.)#....#..#**,,,,,,,,,,
*****,.!....#....#..#####,,,,,,**
,,,,,,......#....#)....D.,,,,,,,,
,,,,,,*#.....[).)))).....,,,,,,,,
##****#####.)))))()##############
..,,,,.....[[)<<.).((..........?.
..,,,,....C.[<[[@Q.*.............
..,,,,.......[<<.................
..,,,,..e....)....(..............
##****#####........##############
*,*,,,*,*...D....X...,,,,,,,,,,,,
*,*,*,*,#...#....#....,,,,,,*,,,,
*,*,*,,,#.#.#....#....,,,,,,*,,,,
*,*,*,*,*,#,#....#....#***,,*****
*,,,*,*,,,*,*,,,,*,,,,*,,,,,*,,,,


You could see a shadow dragon, a tentacled monstrosity, a titan, a fire giant, a
tengu reaver and a battlesphere.

Vanquished Creatures
  Mara (Depths:1)
  A juggernaut (Depths:4)
  2 caustic shrikes (Depths:2)
  A golden dragon (Depths:3)
  3 bone dragons
  Jorgrun (Elf:2)
  3 tentacled monstrosities
  2 deep elf blademasters
  2 deep elf master archers (Elf:3)
  Asterion (Vaults:3)
  7 titans
  3 sphinxes
  6 tentacled starspawn
  2 krakens (Shoals:4)
  6 tengu reavers
  6 storm dragons
  A revenant (Vaults:2)
  A shadow dragon (Vaults:3)
  Ilsuiw (Shoals:4)
  6 nagarajas (Snake:4)
  An iron dragon (Depths:2)
  8 fire giants
  A draconian knight (Depths:5)
  2 frost giants
  15 vault wardens
  A draconian scorcher (Depths:5)
  2 cacodemons (Abyss:3)
  Louise (Elf:2)
  9 deep elf sorcerers
  2 deep elf elementalists (Elf:3)
  A curse skull (Depths:1)
  A caustic shrike skeleton (Depths:2)
  2 orc warlords
  14 very ugly things
  15 ironheart preservers
  15 stone giants
  A draconian annihilator (Depths:5)
  3 black draconians (Depths:5)
  4 vampire knights
  A red draconian (Depths:5)
  A dire elephant (Lair:6)
  7 deep elf annihilators
  10 deep elf demonologists
  A white draconian (Depths:5)
  8 spark wasps
  3 merfolk javelineers (Shoals:4)
  11 purple draconians (WizLab)
  9 deep elf death magi
  A yellow draconian (Depths:5)
  9 statues (WizLab)
  A crystal guardian (Abyss:3)
  7 ettins
  11 fire dragons
  5 deep elf high priests
  10 yaktaur captains
  10 merfolk impalers
  Fannar (Orc:1)
  Harold (Lair:4)
  15 naga warriors
  A hell beast (Depths:3)
  5 rakshasas
  7 ice dragons
  2 spriggan air magi
  30 vault guards
  A quicksilver dragon skeleton (Depths:3)
  8 great orbs of eyes
  9 hydras
  9 centaur warriors
  Erolcha (Orc:1)
  6 merfolk aquamancers
  An anaconda (shapeshifter) (Vaults:5)
  16 anacondas
  Erica (D:8)
  A merfolk avatar (Shoals:4)
  A catoblepas (Lair:6)
  A death knight (D:14)
  6 death yaks
  An alligator snapping turtle (Shoals:1)
  11 ogre magi
  22 two-headed ogres
  11 deep troll shamans
  3 vampire magi
  3 hell hogs (Depths:4)
  2 tengu warriors (Depths:3)
  15 deep troll earth magi
  19 dancing weapons
  5 shock serpents
  3 spriggan berserkers
  3 thrashing horrors
  6 orc high priests
  Urug (Orc:1)
  Sonja (D:15)
  13 naga sharpshooters
  13 deep elf knights
  A titan skeleton (Depths:2)
  Nergalle (D:9)
  6 wretched stars
  5 hell knights
  14 skeletal warriors
  A storm dragon skeleton (Depths:2)
  6 sixfirhies
  A spatial maelstrom (Abyss:3)
  3 iron trolls
  A golden dragon zombie (Depths:3)
  2 unseen horrors
  19 sea snakes
  7 salamander mystics
  A deep troll (shapeshifter) (Vaults:4)
  32 deep trolls
  2 flayed ghosts (Depths:5)
  5 wizards
  11 deep elf archers
  12 naga ritualists
  11 ironbrand convokers
  9 harpies
  3 glowing orange brains
  5 lindwurms
  14 orc knights
  15 starcursed masses
  Pikel (D:8)
  A wolf spider zombie (D:15)
  A lindwurm (shapeshifter) (Vaults:4)
  An orb spider (shapeshifter) (Elf:1)
  5 phantasmal warriors
  2 necromancers (Depths:2)
  2 tengu skeletons (Depths:2)
  67 deep elf magi
  A mana viper (shapeshifter) (Vaults:2)
  5 oklob plants
  5 wolf spiders
  45 ugly things
  2 sphinx skeletons (Depths:2)
  7 orc sorcerers
  23 slime creatures
  13 mana vipers
  13 manticores
  A faun (shapeshifter) (Vaults:1)
  A cyclops (shapeshifter) (Vaults:3)
  6 cyclopes
  13 salamanders
  13 large abominations
  3 frost giant skeletons (Depths:2)
  2 worldbinders
  4 centaur zombies
  2 elephants (Lair:6)
  An apocalypse crab (Abyss:1)
  4 fire giant skeletons (Depths:2)
  11 guardian serpents
  4 stone giant skeletons (Depths:2)
  A storm dragon simulacrum (Vaults:1)
  13 vault sentinels
  2 water nymphs (Shoals:4)
  62 black mambas
  2 molten gargoyles
  7 merfolk sirens
  A smoke demon (Abyss:3)
  2 iron dragon skeletons (Depths:2)
  2 rust devils
  16 naga magi
  Psyche (D:9)
  17 spiny frogs
  3 orange demons
  2 gargoyles (D:14)
  3 ice statues (IceCv)
  A yaktaur (shapeshifter) (Depths:3)
  7 rime drakes
  5 komodo dragons
  2 komodo dragons (shapeshifter) (Depths:3)
  2 freezing wraiths
  An anaconda simulacrum (Abyss:3)
  45 yaktaurs
  2 tengu conjurers
  A queen bee (D:9)
  A silent spectre (Abyss:1)
  7 trolls
  2 ancient zymes (Abyss:3)
  23 merfolk
  8 wind drakes
  2 hornets (Vaults:3)
  A slime creature (shapeshifter) (Depths:5)
  7 snapping turtles
  11 blink frogs
  22 raiju
  A sphinx simulacrum (Depths:5)
  An ettin zombie (Abyss:3)
  13 hippogriffs
  6 dream sheep
  An alligator zombie (Abyss:1)
  18 flying skulls
  A fire giant simulacrum (Vaults:1)
  A shadow (D:15)
  2 ettin skeletons (Depths:2)
  6 ynoxinuls
  An elf skeleton (Depths:2)
  3 spriggan skeletons (Depths:2)
  30 yaks
  3 air elementals
  A wyvern (shapeshifter) (D:13)
  20 water elementals
  4 wyverns
  12 fire bats
  2 vampires
  3 wraiths
  11 basilisks
  A basilisk (shapeshifter) (Depths:5)
  A golden eye (shapeshifter) (Vaults:3)
  A hungry ghost (D:14)
  5 fire elementals
  A spatial vortex (Abyss:3)
  A chaos spawn (Depths:3)
  4 golden eyes (Abyss:3)
  A steam dragon (D:15)
  2 neqoxecs
  7 wargs
  2 soldier ants
  2 acid dragons
  38 nagas
  2 floating eyes
  An acid dragon (shapeshifter) (Vaults:4)
  A floating eye (shapeshifter) (Vaults:3)
  3 hell hounds (Depths:4)
  11 water moccasins
  50 orc warriors
  13 porcupines
  A black bear (D:8)
  A slave (D:8)
  14 small abominations
  A hornet zombie (D:6)
  2 phantoms
  3 sky beasts
  8 ice beasts
  38 ogres
  An ogre (shapeshifter) (Vaults:5)
  An eye of draining (D:10)
  A tengu (shapeshifter) (Vaults:2)
  7 wolves
  2 necrophages
  5 centaurs
  4 boggarts
  9 crocodiles
  Blork the orc (D:5)
  17 bullfrogs
  4 big kobolds
  3 earth elementals
  2 bullfrogs (shapeshifter)
  3 scorpions
  The ghost of Tang the Poker, a weakling MiGl (D:4)
  27 killer bees
  7 howler monkeys
  11 wights
  2 electric eels (Lair:4)
  2 lava snakes (Lair:3)
  6 crimson imps
  4 quasits
  24 orc priests
  3 hounds
  5 jellies
  2 bullfrog skeletons
  2 iron imps
  6 centaur skeletons
  38 orc wizards
  3 iguanas
  Terence (D:3)
  17 worker ants
  A hound skeleton (D:8)
  14 mummies
  A howler monkey zombie (D:8)
  A worker ant zombie (D:5)
  3 gnolls (D:3)
  15 adders
  5 shadow imps
  2 white imps
  An ufetubus (Abyss:2)
  3 oozes
  3 worms
  2 dart slugs
  6 leopard geckos
  120 orcs
  8 giant cockroaches
  7 hobgoblins
  11 jackals
  2 quokkas
  2 ball pythons
  6 bats
  6 frilled lizards
  2 gnoll skeletons (Ossuary)
  8 goblins
  3 goblin skeletons (Ossuary)
  A goblin zombie (D:7)
  24 kobolds
  3 orc skeletons (Ossuary)
  An orc zombie (D:7)
  7 rats
  11 rat skeletons (Ossuary)
  A butterfly (D:5)
  6 crawling corpses
  3 fungi
  14 plants
  A starspawn tentacle (Abyss:3)
  3 tentacles (Shoals:4)
2127 creatures vanquished.

Vanquished Creatures (collateral kills)
  Saint Roka (Depths:1)
  Xtahua (Depths:3)
  A tengu reaver (Vaults:5)
  A nagaraja (Snake:4)
  A purple draconian (WizLab)
  A merfolk javelineer (Shoals:4)
  2 merfolk impalers (Shoals:4)
  A naga warrior (Snake:1)
  An ice dragon (Vaults:5)
  A naga sharpshooter (Snake:4)
  An ironbrand convoker (Vaults:3)
  A lindwurm (Snake:4)
  An orc knight (Vaults:3)
  A merfolk siren (Shoals:4)
  A black mamba (Snake:1)
  A vault sentinel (Vaults:3)
  A merfolk (Shoals:4)
  A wind drake (Shoals:4)
  2 snapping turtles (Shoals:4)
  A naga (Snake:4)
  A starcursed mass (Shoals:4)
  A tentacle (Shoals:4)
24 creatures vanquished.

Vanquished Creatures (others)
  A stone giant (Depths:4)
  A merfolk javelineer (Depths:5)
  An ogre mage (Depths:1)
  A yaktaur captain (Depths:3)
  A centaur warrior (Depths:1)
  A merfolk aquamancer (Shoals:4)
  4 two-headed ogres (Depths:1)
  2 deep troll earth magi (Depths:1)
  3 deep trolls (Depths:1)
  An ironbrand convoker (Vaults:5)
  A deep elf mage (WizLab)
  A black mamba (shapeshifter) (Depths:3)
  A tengu conjurer (Depths:5)
  8 yaktaurs
  An ancient zyme (Abyss:3)
  An air elemental (Elf:2)
  A water elemental (Elf:2)
  A starcursed mass (Abyss:3)
  A butterfly (D:8)
  A fire vortex (Lair:3)
  7 fungi
  56 plants
  19 starspawn tentacles
  40 tentacles (Shoals:4)
155 creatures vanquished.

Grand Total: 2306 creatures vanquished

Notes
Turn   | Place    | Note
-------+----------+-------------------------------------------
     0 | D:1      | robloxmaster the Minotaur Monk began the quest for the Orb.
     0 | D:1      | Reached XP level 1. HP: 19/19 MP: 0/0
   227 | D:1      | Reached XP level 2. HP: 27/27 MP: 1/1
   786 | D:2      | Reached XP level 3. HP: 33/33 MP: 2/2
   850 | D:2      | Reached skill level 1 in Armour
  1478 | D:3      | Reached XP level 4. HP: 41/41 MP: 3/3
  1515 | D:3      | Reached skill level 5 in Axes
  1742 | D:3      | Found a hazy altar of Hepliaklqana.
  1743 | D:3      | Found a shimmering altar of Xom.
  1743 | D:3      | Noticed a yak
  1744 | D:3      | Noticed a yak
  1744 | D:3      | Noticed a spectral ugly thing
  1948 | D:3      | Noticed Terence
  1969 | D:3      | Killed Terence
  1969 | D:3      | Reached XP level 5. HP: 9/47 MP: 4/4
  2408 | D:3      | Reached skill level 5 in Fighting
  2522 | D:3      | Found a white marble altar of Elyvilon.
  2806 | D:4      | Found a staircase to the Ecumenical Temple.
  2857 | D:4      | Reached XP level 6. HP: 56/56 MP: 5/5
  2882 | D:4      | Found a radiant altar of Vehumet.
  3005 | D:4      | Found Jazy Rofaus's Armour Shop.
  3006 | D:4      | Noticed Tang's ghost (weakling MiGl)
  3007 | D:4      | Gained mutation: You are clumsy. (Dex -2) [potion of mutation]
  3007 | D:4      | Gained mutation: Your flesh is heat resistant. (rF+) [potion of mutation]
  3007 | D:4      | Gained mutation: Your skin changes colour to match your surroundings (Stealth+). [potion of mutation]
  3007 | D:4      | Gained mutation: You are resistant to hostile enchantments. (MR+) [potion of mutation]
  3240 | D:4      | Killed Tang's ghost
  3506 | D:4      | Reached XP level 7. HP: 52/63 MP: 6/6
  4038 | Temple   | Entered the Ecumenical Temple
  4229 | Temple   | Became a worshipper of the Shining One
  4229 | Temple   | Reached * piety under the Shining One
  4229 | Temple   | Reached ** piety under the Shining One
  4281 | D:5      | Entered Level 5 of the Dungeon
  4441 | D:5      | Found Mawi's Magic Scroll Shop.
  4456 | D:5      | Bought a scroll of summoning for 142 gold pieces
  4456 | D:5      | Bought a scroll of teleportation for 45 gold pieces
  4484 | D:5      | Reached skill level 5 in Armour
  4544 | D:5      | Found a runed door.
  4741 | D:5      | Found a runed door.
  5091 | D:5      | Noticed Blork the orc
  5099 | D:5      | Killed Blork the orc
  5262 | D:5      | Reached XP level 8. HP: 73/73 MP: 7/7
  5577 | D:6      | Got a smoking leather armour
  5578 | D:6      | Identified the +1 leather armour of Kikubaaqudgha's Fury {+Fly} (You found it on level 6 of the Dungeon)
  5604 | D:6      | Found a burning altar of Makhleb.
  6502 | D:7      | Found a sand-covered staircase.
  6502 | D:7      | Reached *** piety under the Shining One
  6508 | Ossuary  | Entered an ossuary
  6533 | Ossuary  | Reached XP level 9. HP: 79/82 MP: 8/8
  6556 | Ossuary  | Reached **** piety under the Shining One
  6740 | Ossuary  | Reached skill level 1 in Invocations
  6745 | Ossuary  | Reached ***** piety under the Shining One
  6918 | D:7      | Found a blossoming altar of Fedhas.
  7192 | D:7      | Found a bloodstained altar of Trog.
  7552 | D:8      | Noticed a two-headed ogre
  7563 | D:8      | Killed a two-headed ogre
  7713 | D:8      | Noticed Erica
  7743 | D:8      | Killed Erica
  7743 | D:8      | Reached skill level 10 in Fighting
  7743 | D:8      | Reached skill level 10 in Axes
  8172 | D:8      | Lost mutation: You are clumsy. (Dex -2) [potion of mutation]
  8172 | D:8      | Lost mutation: You are resistant to hostile enchantments. (MR+) [potion of mutation]
  8172 | D:8      | Lost mutation: Your flesh is heat resistant. (rF+) [potion of mutation]
  8172 | D:8      | Gained mutation: Your magical capacity is low. (-10% MP) [potion of mutation]
  8172 | D:8      | Gained mutation: You have sharp fingernails. [potion of mutation]
  8172 | D:8      | Gained mutation: You have large cloven feet. [potion of mutation]
  8172 | D:8      | Gained mutation: You passively map a small area around you. [potion of mutation]
  8173 | D:8      | Lost mutation: You passively map a small area around you. [potion of mutation]
  8173 | D:8      | Lost mutation: Your magical capacity is low. (-10% MP) [potion of mutation]
  8173 | D:8      | Lost mutation: You have large cloven feet. [potion of mutation]
  8173 | D:8      | Gained mutation: You are weak. (Str -2) [potion of mutation]
  8173 | D:8      | Gained mutation: You are resistant to hostile enchantments. (MR+) [potion of mutation]
  8399 | D:8      | Reached XP level 10. HP: 51/93 MP: 11/11
  8965 | D:8      | Found a snail-covered altar of Cheibriados.
  8965 | D:8      | Found a sacrificial altar of Ru.
  9297 | D:8      | Noticed Pikel
  9313 | D:8      | Killed Pikel
  9608 | D:8      | Reached skill level 10 in Armour
 10156 | D:9      | Found a staircase to the Orcish Mines.
 10549 | D:9      | Noticed Psyche
 10558 | D:9      | Killed Psyche
 11119 | D:9      | Lost mutation: You are resistant to hostile enchantments. (MR+) [potion of mutation]
 11119 | D:9      | Lost mutation: You have sharp fingernails. [potion of mutation]
 11119 | D:9      | Lost mutation: You are weak. (Str -2) [potion of mutation]
 11119 | D:9      | Gained mutation: You have a pair of large horns on your head. [potion of mutation]
 11119 | D:9      | Gained mutation: Scrolls take you a little longer to read. [potion of mutation]
 11119 | D:9      | Gained mutation: Your mind is acute. (Int +2) [potion of mutation]
 11159 | D:10     | Entered Level 10 of the Dungeon
 11531 | D:10     | Noticed a two-headed ogre
 11864 | D:10     | Reached XP level 11. HP: 76/103 MP: 8/13
 11962 | D:10     | Noticed an unseen horror
 11965 | D:10     | Killed an unseen horror
 12493 | D:11     | Reached skill level 5 in Invocations
 13330 | D:11     | Found a staircase to the Lair.
 13852 | D:12     | Noticed a six-headed hydra
 13918 | D:12     | Got a steaming mace
 13919 | D:12     | Identified the +9 mace "Jirydat" {elec, *Rage rPois rF+ Int+5} (You found it on level 12 of the Dungeon)
 14102 | D:12     | Noticed a two-headed ogre
 14110 | D:12     | Killed a two-headed ogre
 14993 | D:13     | You fall through a shaft for 2 floors!
 14993 | D:15     | Entered Level 15 of the Dungeon
 14993 | D:15     | Noticed a red ugly thing
 14993 | D:15     | Noticed a red ugly thing
 14993 | D:15     | Noticed a red ugly thing
 15018 | D:15     | Killed a brown ugly thing
 15064 | D:15     | Noticed an unseen horror
 15097 | D:13     | Found a transporter.
 15135 | D:13     | Reached ****** piety under the Shining One
 15198 | D:13     | Found a frozen archway.
 15232 | D:13     | Reached XP level 12. HP: 55/113 MP: 15/15
 15257 | IceCv    | Entered an ice cave
 15894 | IceCv    | Got a brightly glowing platinum ring
 15913 | IceCv    | Got ancient ice dragon scales
 15924 | IceCv    | Identified the +1 ice dragon scales of the Falcon {rPois rF- rC++} (You found it in an ice cave)
 15926 | IceCv    | Identified the ring "Luepseck" {Fire MP+9 SInv} (You found it in an ice cave)
 16141 | D:13     | Found a transporter.
 16157 | D:13     | Found the +0 sword of Power
 17223 | D:14     | Killed a six-headed hydra
 17288 | D:14     | Noticed a vault guard
 17475 | Lair:1   | Entered Level 1 of the Lair of Beasts
 17475 | Lair:1   | Noticed a seven-headed hydra
 17618 | Lair:1   | Noticed a five-headed hydra
 17625 | Lair:1   | Killed a five-headed hydra
 17726 | Lair:1   | Killed a seven-headed hydra
 18024 | Lair:1   | Reached XP level 13. HP: 115/124 MP: 17/17
 19988 | Lair:3   | Reached skill level 15 in Axes
 20112 | Lair:3   | Reached skill level 15 in Fighting
 20119 | Lair:3   | Found a staircase to the Snake Pit.
 20944 | Lair:4   | Found the +8 whip "Snakebite" {curare, rPois}
 21207 | Lair:4   | Found a staircase to the Shoals.
 21569 | Lair:4   | Noticed Harold
 21588 | Lair:4   | Killed Harold
 22076 | Lair:4   | Reached skill level 15 in Armour
 22866 | Lair:4   | Identified a scroll of acquirement
 23181 | Lair:5   | Found a staircase to the Slime Pits.
 23207 | Lair:5   | Reached XP level 14. HP: 84/135 MP: 17/19
 23311 | Lair:6   | Entered Level 6 of the Lair of Beasts
 25278 | Lair:6   | Got a wavering golden ring
 25279 | Lair:6   | Lost mutation: Your mind is acute. (Int +2) [potion of mutation]
 25279 | Lair:6   | Lost mutation: Scrolls take you a little longer to read. [potion of mutation]
 25279 | Lair:6   | Lost mutation: You have a pair of large horns on your head. [potion of mutation]
 25279 | Lair:6   | Gained mutation: Your mind is acute. (Int +2) [potion of mutation]
 25279 | Lair:6   | Gained mutation: Your system is resistant to poisons. (rPois) [potion of mutation]
 25279 | Lair:6   | Gained mutation: You are partially covered in thin metallic scales. (AC +2) [potion of mutation]
 25302 | Lair:6   | Identified the ring "Gaebroj" {+Fly Str+7 Dex-2} (You found it on level 6 of the Lair of Beasts)
 25570 | Orc:1    | Entered Level 1 of the Orcish Mines
 25578 | Orc:1    | Noticed Urug
 25598 | Orc:1    | Killed Urug
 25672 | Orc:1    | Noticed an orc warlord
 25705 | D:9      | Killed an orc warlord
 25807 | Orc:1    | Noticed Nergalle
 25829 | D:9      | Killed Nergalle
 26344 | Orc:2    | Entered Level 2 of the Orcish Mines
 26600 | Orc:2    | Paralysed by an orc sorcerer for 6 turns
 26770 | Orc:2    | Noticed an orc warlord
 26806 | Orc:1    | Killed an orc warlord
 26806 | Orc:1    | Reached XP level 15. HP: 144/146 MP: 21/21
 27008 | Orc:2    | Found a staircase to the Elven Halls.
 27015 | Orc:2    | Found Ufesesch's Antique Armour Shoppe.
 27228 | Orc:1    | Noticed Erolcha
 27328 | Orc:1    | Noticed Fannar
 27331 | Orc:1    | Killed Erolcha
 27349 | Orc:1    | Killed Fannar
 27580 | Orc:2    | Found Ahalytsot's Assorted Antiques.
 27580 | Orc:2    | Found Ciummud's Distillery.
 27582 | Orc:2    | Found Xyes's Armour Shoppe.
 27582 | Orc:2    | Found Cack's Magic Scroll Shop.
 27588 | Orc:2    | Bought a scroll of blinking for 195 gold pieces
 27593 | Orc:2    | Bought a potion of haste for 120 gold pieces
 28259 | D:13     | Gained mutation: You are weak. (Str -2) [mutagenic glow]
 28832 | D:13     | Got a warped hat
 28843 | D:13     | Identified the +2 hat "Hyngujy" {+Blink Dex+5} (You acquired it on level 13 of the Dungeon)
 28906 | D:14     | Reached skill level 10 in Invocations
 29024 | D:14     | Found a gate to the Vaults.
 29344 | D:15     | Reached skill level 1 in Evocations
 29347 | D:15     | Found Kuixzimy's Antique Weapon Shop.
 29366 | D:15     | Bought a dazzling broad axe for 351 gold pieces
 29367 | D:15     | Identified the +6 broad axe "Ypramal" {drain, rC- Dex+5} (You bought it in a shop on level 15 of the Dungeon)
 29818 | D:15     | Noticed Sonja
 29940 | D:15     | Cast into level 1 of the Abyss (Sonja)
 30184 | Abyss:1  | Noticed a tentacled starspawn
 30207 | Abyss:1  | Killed a tentacled starspawn
 30290 | Abyss:1  | Noticed a bone dragon
 30304 | Abyss:1  | Found a corrupted altar of Lugonu.
 30376 | Abyss:1  | Reached XP level 16. HP: 101/157 MP: 22/22
 30477 | D:15     | Escaped the Abyss
 30542 | D:15     | Found a staircase to the Depths.
 30706 | D:15     | Found a staircase to the Depths.
 30739 | D:15     | Killed Sonja
 30896 | Snake:1  | Entered Level 1 of the Snake Pit
 33099 | D:4      | Bought the +18 shield of the Gong {rElec rN+ MR+ EV-5} for 1070 gold pieces
 33099 | D:4      | Found the +18 shield of the Gong {rElec rN+ MR+ EV-5}
 33506 | Snake:2  | Reached skill level 1 in Shields
 34721 | Snake:3  | Identified the Catalogue of Assistive Beguiling
 34996 | Snake:4  | Entered Level 4 of the Snake Pit
 35124 | Snake:4  | Reached skill level 5 in Shields
 35124 | Snake:4  | Reached XP level 17. HP: 166/166 MP: 19/25
 36336 | Snake:4  | Got a serpentine rune of Zot
 36486 | Snake:4  | Found Hailixi's Antique Armour Emporium.
 36499 | Snake:4  | Bought an ichor-stained chain mail for 275 gold pieces
 36500 | Snake:4  | Identified the +8 chain mail of Wisdom {*Slow rPois rC++ Int+3} (You bought it in a shop on level 4 of the Snake Pit)
 37433 | Shoals:1 | Entered Level 1 of the Shoals
 37502 | Shoals:1 | Reached XP level 18. HP: 157/176 MP: 27/27
 38620 | Shoals:2 | Reached skill level 10 in Shields
 40100 | Shoals:4 | Entered Level 4 of the Shoals
 40106 | Shoals:4 | Cast into level 2 of the Abyss (merfolk impaler)
 40114 | Abyss:2  | Got a crude war axe
 40483 | Shoals:4 | Escaped the Abyss
 40664 | Shoals:4 | Noticed Ilsuiw
 41786 | Shoals:4 | Killed Ilsuiw
 41812 | Shoals:4 | Cast into level 3 of the Abyss (merfolk impaler)
 42009 | Shoals:4 | Escaped the Abyss
 42023 | Shoals:4 | Cast into level 3 of the Abyss (merfolk impaler)
 42265 | Abyss:3  | Reached XP level 19. HP: 94/184 MP: 22/25
 42300 | Abyss:3  | Noticed a profane servitor
 42472 | Shoals:4 | Escaped the Abyss
 42693 | Shoals:4 | Got an ancient plate armour
 42694 | Shoals:4 | Identified the cursed +1 plate armour of Inviolability {+Fly MP+9 Int-3} (You found it on level 4 of the Shoals)
 43442 | Shoals:4 | Got a barnacled rune of Zot
 43460 | Shoals:3 | Identified the +1 war axe of the Lair of Beasts {venom, Str+3} (You found it on level 2 of the Abyss)
 43694 | Vaults:1 | Entered Level 1 of the Vaults
 43715 | Vaults:1 | Reached skill level 15 in Invocations
 44239 | Vaults:1 | Got a transparent brass ring
 44295 | Vaults:1 | Found a blossoming altar of Fedhas.
 45594 | Vaults:2 | Reached skill level 1 in Crossbows
 45985 | Vaults:2 | Reached XP level 20. HP: 193/193 MP: 30/30
 46683 | Vaults:2 | Identified the ring of Unoshite {*Drain rElec Str+3 Int+3 Slay+2} (You took it off a rakshasa on level 1 of the Vaults)
 46706 | Vaults:2 | Found a portal to a secret trove of treasure.
 46721 | Vaults:2 | Found a roughly hewn altar of Beogh.
 46774 | Vaults:2 | Found a staircase to the Crypt.
 47292 | Vaults:3 | Identified the Papyrus of the Hurtful Escort
 47305 | Vaults:3 | Noticed Asterion
 47323 | Vaults:3 | Gained mutation: Your magical capacity is low. (-10% MP) [a cacodemon]
 47331 | Vaults:3 | Killed Asterion
 48207 | Vaults:3 | Identified the +1 chain mail of Leapfrog {*Corrode rPois MR+ Dex+2} (You took it off a vault warden on level 3 of the Vaults)
 48329 | Vaults:3 | Found Oruuc's Assorted Antiques.
 48953 | Vaults:4 | Reached skill level 15 in Shields
 49383 | Vaults:4 | Got an uncursed twisted arbalest {freeze}
 49384 | Vaults:4 | Identified the +12 arbalest "Axeenlowk" {freeze, rN++ SInv} (You took it off a yaktaur on level 4 of the Vaults)
 49673 | Vaults:4 | Got a slimy arbalest
 49674 | Vaults:4 | Identified the cursed +0 arbalest of Death's Door {penet, rC+} (You found it on level 4 of the Vaults)
 50480 | Elf:1    | Entered Level 1 of the Elven Halls
 50644 | Elf:1    | Found Eziudekhey's Jewellery Shop.
 50645 | Elf:1    | Found Eshres's Gadget Emporium.
 50646 | Elf:1    | Found Wutisch's Jewellery Shop.
 50702 | Elf:1    | Noticed Roxanne
 51096 | Elf:1    | Found Iwopseq's Armour Boutique.
 51281 | Elf:1    | Reached skill level 5 in Crossbows
 51281 | Elf:1    | Reached XP level 21. HP: 182/204 MP: 28/28
 51611 | Elf:2    | Found a runed gate.
 51611 | Elf:2    | Found a runed gate.
 51821 | Elf:2    | Found Zoumazu's Jewellery Shop.
 52074 | Elf:2    | Found a runed gate.
 52115 | Elf:2    | Noticed Louise
 52130 | Elf:2    | Noticed Jorgrun
 52160 | Elf:2    | Killed Jorgrun
 52162 | Elf:2    | Killed Louise
 52661 | Elf:3    | Entered Level 3 of the Elven Halls
 52929 | Elf:3    | Got a twitching silver ring
 52930 | Elf:3    | Identified the ring "Facoec" {Str+4 Stlth+} (You took it off a deep elf annihilator on level 3 of the Elven Halls)
 53331 | Elf:3    | Got a brightly glowing short sword {pain}
 53578 | Elf:3    | Identified the Collected Works on Supportive Self-Improvement
 54402 | Depths:1 | Entered Level 1 of the Depths
 54417 | Depths:1 | Noticed Mara
 54424 | Depths:1 | Noticed robloxmaster's illusion
 54692 | Depths:1 | Noticed robloxmaster's illusion
 54694 | Depths:1 | Killed Mara
 54709 | Depths:1 | Found a flickering gateway to a bazaar.
 54730 | Depths:1 | Reached XP level 22. HP: 214/214 MP: 29/29
 54734 | Bazaar   | Entered a bazaar
 54734 | Bazaar   | Found Lanny's Assorted Antiques.
 54734 | Bazaar   | Found Hysy's Jewellery Emporium.
 54735 | Bazaar   | Found Fapsac's General Store.
 54735 | Bazaar   | Found Jootof's Book Shoppe.
 54737 | Bazaar   | Bought a scroll of fear for 73 gold pieces
 54737 | Bazaar   | Bought a scroll labeled YFFYSI INTYNKY for 21 gold pieces
 54737 | Bazaar   | Bought a scroll of teleportation for 63 gold pieces
 54751 | Bazaar   | Bought a ration for 55 gold pieces
 54751 | Bazaar   | Bought a ration for 55 gold pieces
 54751 | Bazaar   | Bought a scroll of enchant armour for 82 gold pieces
 54761 | Bazaar   | Bought the ring "Upon" {rElec rF++ Dex+3 Stlth+} for 884 gold pieces
 54841 | Depths:1 | Found a gateway to Hell.
 55657 | Depths:1 | Noticed Saint Roka
 55684 | Depths:1 | Killed Saint Roka
 56112 | Depths:2 | Found a one-way gate leading to the halls of Pandemonium.
 56129 | Depths:2 | Found a magical portal.
 56156 | WizLab   | Entered Iskenderun's Mystic Tower
 57204 | WizLab   | Identified Iskenderun's Tome of Arcane Weapons
 57204 | WizLab   | Identified Iskenderun's Collected Works on Confrontation
 57211 | WizLab   | Identified the Almanac of Bewitching Moulding
 58129 | Depths:2 | Found a one-way gate to the infinite horrors of the Abyss.
 59438 | Depths:2 | Reached XP level 23. HP: 143/224 MP: 27/30
 59744 | Depths:3 | Noticed a caustic shrike
 59772 | Depths:2 | Killed a caustic shrike
 60099 | Depths:3 | Noticed a caustic shrike
 60131 | Depths:2 | Killed a caustic shrike
 61626 | Depths:4 | Noticed Xtahua
 61654 | Depths:3 | Killed Xtahua
 62873 | Depths:4 | Found a transporter.
 62880 | Depths:4 | Noticed a juggernaut
 63106 | Depths:4 | Found a transporter.
 63412 | Depths:4 | Found a runed door.
 63414 | Depths:4 | Noticed a juggernaut
 63765 | Depths:4 | Killed a juggernaut
 63867 | Depths:5 | Entered Level 5 of the Depths
 64067 | Depths:5 | Paralysed by a floating eye for 2 turns
 64296 | Depths:5 | Reached skill level 10 in Crossbows
 64512 | Depths:5 | Reached XP level 24. HP: 222/236 MP: 31/31
 64618 | Depths:5 | Found a gateway to a ziggurat.
 65052 | Depths:5 | Found a gate to the Realm of Zot.
 66073 | Vaults:5 | Entered Level 5 of the Vaults
 66704 | Vaults:5 | Killed from afar by a fire giant

Skill      XL: |  1  2  3  4  5  6  7  8  9 10 11 12 13 14 15 16 17 18 19 20 21 22 23 24 |
---------------+-------------------------------------------------------------------------+-----
Axes           | 4 5 6 7 9 10 11 13 14 15 16 17 18 19 20 21 22 23 | 23.7
Fighting       | 4 5 6 7 8 10 11 12 14 15 16 17 18 19 20 21 22 23 24 | 24.4
Armour         | 1 2 3 4 6 7 9 10 12 13 15 16 17 18 19 20 21 22 23 24 | 24.2
Invocations    | 3 4 5 7 8 9 10 12 13 14 15 16 17 | 17.9
Evocations     | 2 3 |  3.5
Shields        | 5 9 12 14 15 16 17 | 17.0
Crossbows      | 2 5 6 8 10 11 | 11.4
Dodging        | |  3.4
Stealth        | |  1.6

Action                   |  1- 3 |  4- 6 |  7- 9 | 10-12 | 13-15 | 16-18 | 19-21 | 22-24 || total
-------------------------+-------+-------+-------+-------+-------+-------+-------+-------++-------
Melee: Hand axe          |    85 |    79 |       |       |       |       |       |       ||   164
       Headbutt          |    15 |    33 |    38 |   179 |   331 |   450 |   557 |   656 ||  2259
       War axe           |       |    54 |   258 |   651 |  1204 |  1426 |  1550 |  1643 ||  6786
       Mace              |       |       |       |    20 |    22 |       |       |       ||    42
Throw: Stone             |       |       |       |     7 |     6 |    34 |       |   188 ||   235
Invok: Divine Shield     |       |       |     2 |     4 |     4 |     4 |     2 |    11 ||    27
       Cleansing Flame   |       |       |       |     1 |     7 |    27 |    26 |    38 ||    99
       Summon Divine War |       |       |       |       |       |     3 |     2 |     4 ||     9
 Abil: Evoke Blink       |       |       |       |       |       |     2 |     1 |       ||     3
       Evoke Flight      |       |       |       |       |       |     1 |     5 |     1 ||     7
  Use: Scroll            |     5 |     4 |     7 |     6 |    12 |    13 |    14 |    16 ||    77
       Potion            |       |     2 |     5 |    18 |     8 |    10 |     1 |    25 ||    69
 Stab: Sleeping          |     1 |     2 |       |       |       |       |       |       ||     3
  Eat: Ration            |       |     1 |     3 |     5 |    10 |    13 |     2 |    13 ||    47
       Chunk             |       |     5 |     8 |    11 |     7 |     1 |    53 |     1 ||    86
Armor: Ring mail         |    20 |    43 |    54 |   116 |       |       |       |       ||   233
       Ice dragon scales |       |       |       |    71 |   488 |    37 |       |       ||   596
       Chain mail        |       |       |       |       |    23 |       |       |       ||    23
       Plate armour      |       |       |       |       |       |   386 |       |       ||   386
       Crystal plate arm |       |       |       |       |       |    36 |   334 |   561 ||   931
Dodge: Dodged            |    51 |    79 |   113 |   360 |   477 |   171 |    62 |   100 ||  1413
       Deflected         |       |       |       |       |    33 |    31 |    10 |     9 ||    83
Block: Other             |       |       |     4 |     7 |    11 |       |       |       ||    22
       Shield            |       |       |       |       |       |  1570 |  1665 |  2206 ||  5441
       Reflection        |       |       |       |       |       |       |     9 |   101 ||   110
